Map: Orbital Shipyard

Players

Bubushka

  • Race: Terran Terran
  • League: Grandmaster

Naypam - Winner!

  • Race: Zerg Zerg
  • League: Grandmaster

VOD

https://www.youtube.com/watch?v=GZ03Uvmb4BE

Description

Time

  • Played on: June 16, 2015, 9:48 a.m.
  • Length: 15:57
Show
View Real Time Build Order
Export as new Build Order

Bubushka Terran 

Build Orders: Command Center First (CC), MMM Bio 

Get SALT Encoding   

  12  0:01  SCV  
  13  0:14  SCV  
  14  0:25  Supply Depot  
  14  0:26  SCV  
  15  0:46  SCV  
  16  0:58  SCV  
  16  1:04  Command Center  
  17  1:11  SCV  
  18  1:23  SCV  
  19  1:35  SCV  
  20  1:47  SCV  
  21  1:57  Barracks  
  21  1:58  Command Center  
  21  2:04  Supply Depot, SCV  
  22  2:16  SCV  
  22  2:19  SCV  
  24  2:28  SCV, Barracks  
  25  2:31  SCV  
  26  2:40  Barracks  
  27  2:45  Marine  
  27  2:49  Orbital Command  
  27  2:53  Orbital Command  
  26  3:07  Supply Depot  
  26  3:13  Marine  
  26  3:17  Marine  
  28  3:23  SCV x2  
  30  3:30  Marine  
  30  3:31  Marine  
  30  3:32  Barracks  
  32  3:35  SCV, Marine  
  32  3:36  Orbital Command  
  34  3:44  SCV  
  34  3:45  Barracks  
  34  3:48  Marine  
  35  3:49  SCV, Marine  
  35  3:53  Marine  
  39  3:56  SCV  
  39  4:01  SCV, Refinery  
  41  4:05  Refinery x2  
  41  4:06  Marine x2  
  41  4:07  SCV  
  41  4:08  SCV  
  41  4:09  Refinery  
  45  4:12  Marine  
  45  4:13  SCV  
  47  4:20  SCV  
  47  4:21  SCV  
  47  4:24  Marine x3  
  49  4:25  SCV  
  49  4:31  Marine  
  54  4:32  SCV  
  54  4:33  SCV  
  54  4:34  Marine  
  56  4:41  Marine  
  56  4:42  Marine  
  58  4:46  Marine  
  58  4:48  SCV x2  
  58  4:49  Marine  
  58  4:52  Marine  
  63  5:00  Marine  
  63  5:01  SCV  
  63  5:02  SCV  
  63  5:06  SCV  
  68  5:09  Command Center  
  68  5:12  Barracks  
  68  5:13  Barracks Tech Lab  
  66  5:14  Barracks Tech Lab x2  
  66  5:15  Barracks  
  66  5:16  Barracks  
  66  5:21  SCV x3  
  66  5:25  Engineering Bay  
  66  5:27  Engineering Bay  
  69  5:29  Supply Depot, Marine x2  
  69  5:34  Supply Depot  
  71  5:35  Supply Depot  
  71  5:36  Stimpack  
  71  5:38  Combat Shields  
  71  5:40  Concussive Shells  
  71  5:42  Marauder, Marine  
  74  5:46  Marine  
  74  5:47  SCV, Marine  
  74  5:49  Factory  
  77  5:51  SCV  
  77  5:53  Terran Infantry Weapons Level 1  
  77  5:55  Terran Infantry Armor Level 1  
  77  5:56  SCV  
  79  5:59  SCV  
  79  6:03  Marine x2  
  84  6:04  Supply Depot, Marine, Marauder  
  84  6:06  Barracks Reactor  
  84  6:08  Barracks Reactor  
  85  6:17  SCV, Refinery  
  85  6:18  Refinery  
  86  6:23  Orbital Command  
  87  6:26  SCV x2  
  87  6:28  Barracks Tech Lab  
  87  6:29  Barracks Reactor  
  88  6:33  SCV  
  88  6:37  Barracks Reactor, Factory Reactor, Starport  
  91  6:40  SCV x2  
  91  6:45  SCV, Missile Turret  
  92  6:52  SCV x3, Armory  
  92  6:54  Marine x7  
  96  6:55  Marauder  
  103  7:01  SCV  
  103  7:04  SCV x3  
  103  7:07  Marine x2  
  109  7:11  Marine x2  
  109  7:12  Marine x3  
  114  7:16  Supply Depot  
  114  7:17  Supply Depot  
  114  7:20  Supply Depot  
  114  7:24  Starport  
  114  7:25  SCV  
  114  7:28  Medivac  
  114  7:29  Factory Reactor  
  119  7:30  Marine x3, Medivac  
  119  7:31  Marauder x2, Marine  
  123  7:38  Marauder  
  123  7:41  Supply Depot x2  
  125  7:47  Command Center  
  124  7:55  Marauder x2, Marine x5  
  124  7:56  Marine, Marauder  
  136  8:03  Medivac x2  
  142  8:09  SCV  
  142  8:11  Supply Depot  
  141  8:13  Starport Tech Lab  
  141  8:21  Missile Turret, Marine  
  137  8:29  Command Center, Marine x6  
  137  8:30  Marine, Marauder x4  
  137  8:33  Medivac  
  139  8:39  Marine  
  140  8:47  Marine x6  
  140  8:48  Marine  
  146  8:51  Marauder, Marine x3  
  146  8:56  Marine  
  111  9:05  Marine x6  
  111  9:06  Marine  
  111  9:09  Marauder x3  
  122  9:12  Marine  
  122  9:14  Marine  
  124  9:20  SCV  
  124  9:22  Marine x2  
  127  9:28  Marine x2  
  127  9:30  Marauder x2  
  127  9:31  Marauder  
  135  9:33  Terran Infantry Weapons Level 2  
  135  9:39  Refinery, Terran Infantry Armor Level 2  
  135  9:43  Refinery  
  135  9:45  Planetary Fortress  
  135  9:49  SCV x2  
  135  9:50  SCV  
  138  9:55  Marine x2  
  138  9:56  Marauder  
  138  9:58  Medivac  
  144  10:04  Marine  
  144  10:05  Marauder x2, Marine x4  
  144  10:06  Marine  
  144  10:07  Marine  
  154  10:13  Marine  
  156  10:22  Marine  
  156  10:23  Marauder, Marine x5  
  156  10:24  Marine  
  156  10:25  Marauder  
  156  10:27  Marauder x2  
  170  10:31  Marine  
  163  10:46  Marine x7  
  163  10:47  Marauder x2  
  163  10:48  Marauder x2  
  163  10:49  Marine  
  167  10:53  SCV  
  168  11:01  Supply Depot, Raven  
  168  11:02  Medivac x2  
  168  11:04  Marine x6  
  174  11:08  Marauder x2  
  184  11:17  Marine  
  184  11:18  Marauder, Marine  
  186  11:22  Marauder  
  188  11:28  Supply Depot, Marine x4  
  188  11:29  Supply Depot, Marauder  
  188  11:31  Marauder  
  188  11:32  Supply Depot, Medivac  
  195  11:41  Marine  
  195  11:49  Marine x2  
  195  11:50  Marauder, Marine x3  
  195  11:51  Marauder  
  200  12:18  Marine  
  200  12:21  Marine  
  200  12:25  Medivac  
  200  12:26  Marauder  
  200  12:29  Medivac  
  198  12:33  Marine x2  
  198  12:34  Marauder, Marine x3  
  195  12:48  Marine x3  
  195  12:49  Marauder x3  
  191  12:51  Marine x3  
  191  12:56  Marauder  
  185  13:00  Marine  
  185  13:01  Marine  
  174  13:06  Reaper, Marine x2  
  174  13:09  Liberator  
  136  13:16  Reaper, Marine x4  
  136  13:17  Marauder x2  
  136  13:18  Marine  
  136  13:19  SCV  
  141  13:20  SCV  
  141  13:24  Marine x3  
  144  13:34  Marine x3  
  144  13:36  Marine  
  144  13:37  Marine  
  144  13:38  Marine x2  
  142  13:42  Marine  
  135  13:48  Marine  
  135  13:52  Marauder  
  135  13:54  Marine  
  135  13:55  Marine  
  138  13:56  Marine  
  138  13:59  Marine  
  98  14:19  Barracks  
  98  14:20  Barracks  
  98  14:21  Barracks x2  
  57  15:09  Barracks Tech Lab  
  57  15:10  Barracks Tech Lab  
  57  15:11  Command Center  
  57  15:13  Barracks Reactor  
Show
View Real Time Build Order
Export as new Build Order

Naypam Zerg - Winner!

Build Orders: Hatch First, Lurkers 

Get SALT Encoding   

  12  0:01  Drone  
  13  0:12  Overlord  
  13  0:20  Drone  
  14  0:26  Drone, Extractor  
  15  0:31  Drone  
  15  0:34  Drone  
  17  0:55  Hatchery  
  16  1:00  Drone  
  16  1:01  Drone  
  19  1:11  Drone  
  19  1:18  Spawning Pool  
  19  1:20  Drone  
  19  1:25  Extractor  
  18  1:29  Drone  
  19  1:45  Overlord  
  18  1:50  Drone  
  19  2:05  Zergling x2  
  19  2:07  Queen  
  19  2:08  Queen  
  24  2:21  Hatchery  
  23  2:28  Drone x2  
  25  2:30  Drone  
  25  2:34  Drone, Extractor  
  26  2:38  Drone  
  26  2:42  Drone  
  28  2:53  Lair  
  28  2:56  Drone  
  29  2:59  Drone  
  29  3:02  Drone  
  31  3:07  Drone  
  32  3:18  Drone x4  
  35  3:28  Drone  
  35  3:29  Overlord  
  36  3:36  Zergling x6  
  39  3:46  Extractor  
  39  3:47  Extractor  
  37  3:50  Drone  
  37  3:51  Drone x6  
  44  3:56  Queen  
  44  4:01  Hydralisk Den  
  46  4:02  Drone  
  46  4:05  Drone  
  47  4:10  Drone x2  
  47  4:14  Overlord  
  49  4:23  Overseer  
  49  4:30  Drone  
  50  4:32  Drone x6  
  50  4:33  Drone x2, Lurker Den  
  56  5:04  Hydralisk  
  56  5:06  Overlord x3  
  58  5:13  Evolution Chamber  
  57  5:15  Evolution Chamber  
  57  5:17  Queen  
  58  5:24  Hydralisk x9  
  76  5:41  Drone x6  
  82  5:45  Zerg Missile Weapons Level 1, Zerg Ground Armor Level 1  
  82  6:04  Muscular Augments  
  82  6:07  Overlord x2  
  82  6:08  Overlord x2  
  82  6:12  Extractor x2  
  82  6:17  Spine Crawler x2  
  82  6:18  Lurker x4  
  84  6:35  Lurker x3  
  87  6:41  Drone x16  
  87  6:42  Drone x6  
  109  6:51  Infestation Pit  
  108  7:03  Hatchery  
  107  7:21  Hydralisk x3  
  113  7:23  Extractor  
  113  7:25  Extractor  
  111  7:37  Hive  
  111  7:48  Hydralisk  
  111  7:51  Overlord x7  
  113  7:56  Zerg Ground Armor Level 2, Zerg Missile Weapons Level 2  
  113  8:03  Lurker  
  114  8:11  Pneumatized Carapace  
  114  8:32  Hydralisk x10  
  114  8:33  Hydralisk x4  
  134  8:40  Drone x3  
  134  9:01  Hydralisk  
  134  9:02  Hydralisk x8  
  136  9:08  Lurker  
  128  9:15  Lurker  
  129  9:29  Lurker x3  
  132  9:54  Overlord x2  
  132  10:10  Drone x4  
  134  10:39  Zerg Ground Armor Level 3, Zerg Missile Weapons Level 3  
  134  11:02  Drone x3  
  137  11:04  Drone x3  
  139  11:14  Hydralisk x7  
  139  11:16  Hydralisk x11  
  139  11:17  Hydralisk x4  
  183  11:54  Overlord x4  
  183  11:55  Overlord x2  
  183  11:58  Lurker  
  184  12:04  Hatchery, Extractor  
  184  12:08  Extractor  
  181  12:09  Lurker x3  
  181  12:12  Lurker x2  
  181  12:13  Lurker  
  181  12:14  Lurker  
  173  12:47  Hydralisk x14  
  183  13:11  Hydralisk x7  
  156  13:25  Spawning Pool  
  155  13:29  Drone x8  
  106  14:38  Hatchery  
  90  15:08  Hatchery  
  89  15:15  Hatchery  
  88  15:21  Extractor  
Tags
 
Add a new tag
Caveats
  • Supply blocks, unpowered buildings, or Contaminate may cause inaccurate times.
  • Supply counts are checked every 10 seconds.